Map: Kairos Junction LE

Players

IIIIIIIIIIIl

  • Race: Zerg Zerg
  • League: Master
  • Spawn Location: 11:00

NORTHAMERICA - Winner!

  • Race: Protoss Protoss
  • League: Grandmaster
  • Spawn Location: 5:00

VOD

Have the link to the VOD?

Description

Time

  • Played on: July 25, 2019, 9:47 a.m.
  • Length: 14:03
Show
View Real Time Build Order
Export as new Build Order

IIIIIIIIIIIl Zerg 

Build Orders: Hatch First 

Get SALT Encoding   

  12  0:01  Drone  
  13  0:12  Overlord  
  13  0:18  Drone  
  14  0:30  Drone x2  
  16  0:48  Hatchery  
  15  0:52  Drone  
  15  0:56  Drone  
  17  1:00  Drone  
  18  1:11  Extractor  
  18  1:15  Spawning Pool  
  16  1:19  Drone  
  16  1:22  Drone  
  18  1:30  Overlord  
  18  1:40  Drone  
  19  1:51  Drone  
  20  2:01  Queen  
  20  2:02  Queen, Zergling x2  
  20  2:03  Zergling x2  
  26  2:11  Drone x2  
  28  2:24  Drone  
  28  2:28  Drone  
  30  2:37  Drone x2  
  30  2:42  Pneumatized Carapace  
  32  2:46  Hatchery  
  32  2:48  Queen  
  33  2:52  Overlord  
  33  2:56  Drone x2  
  35  3:01  Drone  
  36  3:12  Drone x2  
  38  3:13  Drone x3  
  41  3:20  Overlord  
  41  3:24  Drone, Spore Crawler  
  41  3:27  Drone  
  41  3:31  Queen  
  44  3:44  Drone  
  45  3:51  Drone x4  
  45  3:52  Drone  
  50  3:57  Drone x2  
  50  3:58  Roach Warren  
  50  4:02  Drone x2  
  53  4:07  Drone x2  
  53  4:08  Drone  
  55  4:10  Spore Crawler  
  55  4:15  Drone x2  
  55  4:16  Drone  
  58  4:22  Overlord x2  
  58  4:23  Extractor  
  57  4:24  Extractor  
  57  4:26  Hatchery  
  57  4:27  Lair  
  54  4:34  Evolution Chamber  
  53  4:39  Overlord x2  
  53  4:56  Drone x4  
  53  4:57  Drone  
  58  5:01  Zerg Missile Weapons Level 1  
  58  5:02  Overlord x2  
  58  5:12  Roach x7  
  72  5:25  Extractor  
  72  5:26  Overseer  
  72  5:27  Roach x2  
  72  5:28  Roach x2  
  79  5:30  Drone  
  80  5:39  Overseer  
  80  5:40  Overlord  
  80  5:43  Overlord  
  80  5:45  Roach  
  80  5:46  Glial Reconstitution  
  80  5:49  Drone  
  84  5:50  Drone  
  84  5:51  Queen  
  86  6:01  Roach x3  
  86  6:02  Roach x3  
  98  6:07  Drone x4  
  98  6:10  Extractor  
  101  6:13  Roach x2  
  101  6:18  Metabolic Boost  
  105  6:22  Overlord x3  
  105  6:28  Overlord  
  105  6:35  Overlord  
  105  6:43  Roach x6  
  105  6:45  Ravager  
  105  6:46  Ravager  
  121  6:47  Roach  
  121  6:50  Roach x2  
  121  6:54  Roach x2  
  129  6:56  Roach  
  133  7:01  Roach x2  
  133  7:02  Roach  
  136  7:08  Roach x2  
  136  7:09  Roach  
  140  7:16  Roach x2  
  140  7:17  Roach  
  140  7:21  Overlord x2  
  146  7:39  Ravager x5, Overlord x2  
  151  7:55  Roach  
  151  7:56  Roach x4  
  154  7:59  Roach  
  154  8:00  Roach x6  
  168  8:08  Roach  
  168  8:09  Roach x4  
  168  8:10  Zergling x4  
  168  8:11  Zergling x2  
  163  8:14  Roach  
  163  8:15  Roach  
  163  8:17  Roach  
  142  8:24  Ravager, Zergling x2  
  142  8:25  Zergling x6  
  142  8:26  Ravager  
  148  8:30  Ravager  
  148  8:31  Zergling x2  
  148  8:32  Zergling x2  
  151  8:35  Zergling x2  
  151  8:36  Zergling x2  
  151  8:41  Zergling x2, Extractor  
  152  8:42  Zergling x4  
  152  8:58  Zergling x2  
  152  8:59  Zergling x18  
  156  9:05  Ravager x3  
  156  9:08  Zergling x2  
  149  9:15  Zergling x2  
  149  9:16  Zergling x8  
  135  9:19  Zergling x2  
  135  9:20  Zergling x2  
  135  9:21  Zergling x2  
  97  9:30  Roach x2, Overseer x2  
  101  9:34  Roach  
  101  9:35  Roach  
  101  9:38  Roach  
  104  9:42  Roach  
  104  9:45  Roach  
  108  9:48  Roach  
  108  9:50  Zerg Missile Weapons Level 2  
  110  9:53  Roach  
  110  9:56  Spore Crawler  
  110  9:57  Roach x3  
  110  9:58  Spine Crawler  
  110  9:59  Roach, Spore Crawler  
  117  10:00  Spine Crawler  
  117  10:01  Ravager  
  117  10:06  Roach x2  
  121  10:09  Roach  
  121  10:12  Roach  
  125  10:14  Roach  
  125  10:17  Roach  
  127  10:23  Roach x2  
  127  10:25  Roach  
  129  10:30  Ravager  
  129  10:31  Ravager x3  
  129  10:34  Roach  
  129  10:35  Roach  
  137  10:37  Drone x2  
  137  10:41  Ravager x2  
  137  10:42  Roach  
  143  10:47  Roach  
  143  10:49  Roach  
  147  10:54  Roach  
  147  10:55  Roach  
  147  10:56  Roach  
  150  10:57  Roach  
  150  11:00  Overlord  
  152  11:09  Overseer  
  152  11:19  Overlord x2  
  152  11:21  Roach x4  
  160  11:28  Overlord  
  160  11:29  Overlord  
  136  11:50  Roach x9  
  144  11:58  Overseer  
  139  12:04  Ravager, Overseer  
  139  12:06  Ravager  
  139  12:07  Ravager  
  142  12:09  Roach x2  
  142  12:10  Roach x4  
  142  12:12  Roach  
  156  12:19  Roach x2  
  160  12:24  Roach  
  160  12:25  Roach  
  160  12:26  Roach  
  166  12:31  Roach x2  
  166  12:36  Roach x2  
  174  12:41  Roach  
  174  12:43  Roach  
  170  12:48  Roach x3  
  166  13:10  Roach  
  150  13:12  Roach  
  150  13:15  Roach x9  
  150  13:18  Roach  
  125  13:20  Roach  
  125  13:23  Roach  
Show
View Real Time Build Order
Export as new Build Order

NORTHAMERICA Protoss - Winner!

Build Orders: 1 Gate Expand, Archon Immortal 

Get SALT Encoding   

  12  0:01  Probe  
  13  0:13  Probe  
  14  0:20  Pylon  
  14  0:26  Probe  
  15  0:35  Probe  
  15  0:38  Gateway  
  16  0:43  Probe  
  16  0:49  Assimilator  
  17  0:52  Probe  
  18  1:04  Probe  
  19  1:16  Probe  
  20  1:26  Nexus  
  20  1:34  Cybernetics Core  
  20  1:37  Probe  
  21  1:44  Assimilator  
  21  1:49  Probe  
  22  1:55  Pylon  
  23  2:01  Probe  
  23  2:04  Adept  
  23  2:13  Probe  
  26  2:20  Forge  
  26  2:24  Stalker  
  26  2:25  Probe  
  27  2:36  Warp Gate  
  29  2:38  Probe  
  30  2:50  Probe  
  31  2:53  Probe  
  31  2:55  Pylon  
  31  2:56  Sentry  
  34  3:02  Probe  
  34  3:03  Probe  
  36  3:14  Probe, Photon Cannon  
  36  3:15  Probe  
  38  3:22  Photon Cannon  
  38  3:25  Probe  
  38  3:26  Probe  
  40  3:33  Robotics Facility  
  40  3:36  Probe  
  40  3:37  Photon Cannon  
  40  3:38  Probe  
  42  3:44  Probe  
  42  3:46  Probe  
  42  3:52  Probe  
  42  3:54  Probe  
  44  3:57  Assimilator  
  44  3:59  Assimilator  
  44  4:00  Protoss Ground Weapons Level 1  
  44  4:02  Pylon  
  46  4:03  Probe  
  46  4:08  Probe  
  48  4:14  Twilight Council  
  48  4:15  Gateway, Immortal  
  46  4:19  Probe  
  47  4:30  Probe  
  52  4:31  Probe  
  53  4:39  Stalker  
  53  4:42  Probe  
  53  4:43  Probe  
  57  4:49  Gateway  
  57  4:50  Gateway  
  57  4:52  Immortal  
  57  4:54  Probe, Photon Cannon  
  57  4:56  Charge  
  62  5:15  Templar Archives  
  62  5:21  Pylon  
  62  5:26  Pylon  
  62  5:35  Warp Prism  
  62  5:36  Gateway  
  62  5:37  Gateway  
  64  5:43  Zealot x2  
  64  5:48  Zealot  
  70  5:51  Probe  
  71  6:01  Gateway  
  71  6:02  Gateway  
  71  6:05  Observer  
  71  6:09  Nexus  
  71  6:13  Pylon, High Templar x2  
  71  6:14  High Templar  
  78  6:24  Archon  
  78  6:25  Immortal  
  78  6:26  Pylon  
  78  6:27  Pylon  
  78  6:31  Probe  
  79  6:32  Protoss Ground Weapons Level 2  
  79  6:34  High Templar  
  79  6:39  Archon  
  85  6:48  Observer  
  85  6:50  Photon Cannon  
  85  6:51  Shield Battery  
  85  6:55  Adept x2  
  85  6:57  Probe  
  85  6:58  Probe  
  85  7:00  Immortal  
  93  7:11  Probe  
  91  7:17  Probe  
  92  7:24  Probe  
  92  7:26  High Templar x2  
  97  7:30  Archon  
  97  7:31  Zealot x3  
  97  7:36  Zealot x2  
  106  7:50  Immortal  
  108  7:51  Dark Shrine  
  100  7:59  Zealot x4  
  100  8:01  Pylon  
  100  8:05  Shield Battery  
  108  8:07  Shield Battery  
  108  8:09  Zealot  
  108  8:10  Zealot x3  
  92  8:20  Immortal  
  92  8:23  Probe  
  92  8:25  Probe  
  94  8:27  Shield Battery  
  94  8:30  Photon Cannon  
  98  8:38  High Templar x2  
  98  8:40  Assimilator  
  98  8:41  Sentry  
  104  8:42  Archon  
  104  8:43  Assimilator  
  104  8:46  Zealot x3  
  108  8:51  Zealot  
  110  9:00  Zealot  
  104  9:05  Dark Templar  
  104  9:11  Dark Templar x3  
  104  9:15  Immortal  
  100  9:28  Probe  
  100  9:30  Probe  
  104  9:41  Zealot x3  
  104  9:42  Zealot x2  
  104  9:43  Zealot  
  116  9:50  Observer  
  116  9:52  Pylon  
  116  9:54  Pylon x2  
  116  9:58  Archon  
  116  9:59  Archon  
  117  10:07  Pylon  
  117  10:08  Photon Cannon  
  117  10:10  Probe, Photon Cannon  
  117  10:11  Shield Battery  
  118  10:16  Zealot  
  118  10:20  Zealot x2  
  120  10:24  Dark Templar x4  
  120  10:27  Photon Cannon  
  120  10:28  Shield Battery, Archon  
  126  10:29  Archon  
  126  10:39  Sentry  
  128  10:43  Stalker x2  
  128  10:44  Stalker  
  128  10:47  Psionic Storm  
  134  10:51  Immortal  
  136  10:58  Dark Templar  
  138  11:06  Dark Templar  
  138  11:08  High Templar  
  138  11:10  Zealot x3  
  148  11:17  High Templar  
  148  11:31  Immortal  
  148  11:33  Pylon  
  142  11:43  Zealot x3  
  142  11:44  Zealot x4  
  138  11:47  Archon  
  128  11:58  High Templar  
  128  12:02  Photon Cannon  
  128  12:05  High Templar x3  
  138  12:18  High Templar  
  138  12:20  Zealot x3  
  138  12:44  Zealot x6  
  130  12:48  Nexus  
  130  12:50  Photon Cannon  
  136  12:51  Photon Cannon  
  136  12:52  Shield Battery  
  136  12:57  Zealot x2  
  138  13:01  Robotics Facility  
  132  13:12  Archon  
  114  13:17  Zealot x3  
  114  13:18  Zealot x3  
Tags
 
Add a new tag
Caveats
  • Supply blocks, unpowered buildings, or Contaminate may cause inaccurate times.
  • Supply counts are checked every 10 seconds.